 Dungeon Crawl Stone Soup version 0.27-a0-1438-g9b7c6745da (webtiles) character file.

Game seed: 10950519606569596545

436 2tc the Ruffian (level 6, -3/47 HPs)
             Began as a Draconian Transmuter on July 4, 2021.
             Was a Believer of Fedhas.
             Slain by Duvessa (12 damage)
             ... on level 4 of the Dungeon.
             The game lasted 00:10:28 (3918 turns).

2tc the Ruffian (Draconian Transmuter)              Turns: 3918, Time: 00:10:28

Health: -3/47      AC:  6    Str: 14    XL:     6   Next: 68%
Magic:  7/9        EV: 12    Int: 13    God:    Fedhas [**....]
Gold:   142        SH:  0    Dex: 12    Spells: 6/9 levels left

rFire    . . .     SeeInvis .     - Unarmed
rCold    . . .     Faith    .   (no shield)
rNeg     . . .     Spirit   .   (armour unavailable)
rPois    .         Reflect  .   (helmet currently unavailable)
rElec    .         Harm     .   (no cloak)
rCorr    .         Rampage  .   (no gloves)
Will     .....                  (boots currently unavailable)
Stlth    +.........             (no amulet)
HPRegen  0.15/turn              (no ring)
MPRegen  0.11/turn              (no ring)

@: appendages (expiring)
A: horns 2, talons 2, AC +6, unfitting armour, cold-blooded
a: End Transformation, Renounce Religion, Wall of Briars


You were on level 4 of the Dungeon.
You worshipped Fedhas.
Fedhas was pleased with you.
You had temporarily grown beastly horns and talons.
You visited 1 branch of the dungeon, and saw 4 of its levels.
You also visited: Sewer.

You collected 142 gold pieces.

Inventory:

Wands
 b - a wand of polymorph (10)
Scrolls
 h - a scroll of teleportation
Potions
 a - a potion of resistance
 c - 4 potions of flight
 d - a potion of cancellation
 e - 2 potions of degeneration {unknown}


   Skills:
 - Level 1.1 Fighting
 - Level 1.7 Dodging
 + Level 7.6 Unarmed Combat
 - Level 2.0 Spellcasting
 - Level 2.1 Transmutations


You had 6 spell levels left.
You knew the following spells:

 Your Spells              Type           Power      Damage    Failure   Level
a - Beastly Appendage     Tmut           12%        N/A       11%         1
b - Wereblood             Tmut           6%         N/A       16%         2

Your spell library contained the following spells:

 Spells                   Type           Power      Damage    Failure   Level
 Spider Form              Tmut/Pois      2%         N/A       45%         3
 Frozen Ramparts          Ice            2%         1d2       58%         3
 Lesser Beckoning         Tloc           0%         N/A       58%         3
 Ice Form                 Ice/Tmut       4%         N/A       86%         4
 Summon Ice Beast         Ice/Summ       1%         N/A       94%         4
 Dispersal                Tloc           0%         N/A       100%        6
 Summon Horrible Things   Summ           0%         N/A       100%        8


Dungeon Overview and Level Annotations

Branches:
Dungeon (4/15)              Sewer (visited)
 Temple: D:4-7

Altars:
Fedhas
Kikubaaqudgha

Shops:
D:3 [

Annotations:
D:4 3 runed translucent doors, Duvessa


Innate Abilities, Weirdness & Mutations

You have temporarily grown beastly horns and talons.
Your plain brown scales are hard. (AC +6)
You cannot fit into any form of body armour.
You are cold-blooded and may be slowed by cold attacks.


Message History

Unknown command.
Okay, then.
Okay, then.
Okay, then.
Okay, then.
Unknown command.
You howl as the wereblood boils in your veins!
You hear a bark!
Casting: Wereblood (safe; 16% risk of failure)
Confirm with . or Enter, or press ? or * to list all spells.
You grow a pair of large bovine horns.
Your feet morph into talons.
You howl as the wereblood boils in your veins!
Your primal bloodlust is almost over.
You hear a bark!
You howl as the wereblood boils in your veins!
You hear a shout!
You punch Duvessa!
Duvessa is moderately wounded.
Duvessa closely misses you. Duvessa hits you with a +0 short sword!
You barely miss Duvessa. You claw Duvessa!
Duvessa is moderately wounded.
Your transformation is almost over.
Duvessa hits you with a +0 short sword.
You punch Duvessa! You claw Duvessa, but do no damage.
You headbutt Duvessa, but do no damage.
Duvessa is heavily wounded.
You howl as the wereblood boils in your veins!
You hear a bark!
Duvessa hits you with a +0 short sword!
You hear a bark!
You closely miss Duvessa. Your kick misses Duvessa.
Duvessa is heavily wounded.
You howl as the wereblood boils in your veins!
Your primal bloodlust has ended.
You hear an angry hiss.
Duvessa barely misses you. Duvessa hits you with a +0 short sword!
* * * LOW HITPOINT WARNING * * *
You feel better. Duvessa hits you with a +0 short sword!
You die...
Fedhas appreciates your contribution to the ecosystem.

#........# #....e|..#
#...e....# #........
#)#.....# #.##..#.#
###### #.##....#
.....# #..))####
.###.# ####.e@.#
.###.####### ##...# #
....#......# #...#.#
.###.#####.####.....#
.# #.#.....†.....#.##
## #.#.###.......#.#
#...............#
###.############# #.#


You could see Duvessa (berserk).

Vanquished Creatures
  A black bear (D:4)
  Purgy (Sewer)
  Dowan (D:4)
  An orc priest (D:3)
  An orc wizard (D:3)
  Robin (D:2)
  5 adders
  A worm (D:3)
  A dart slug (D:1)
  9 orcs
  4 endoplasms
  5 giant cockroaches
  12 goblins
  6 hobgoblins
  4 kobolds
  2 quokkas
  9 ball pythons
  3 bats
  7 frilled lizards
  8 rats
82 creatures vanquished.

Notes
Turn   | Place    | Note
-------+----------+-------------------------------------------
     0 | D:1      | 2tc the Draconian Transmuter began the quest for the Orb.
     0 | D:1      | Reached XP level 1. HP: 16/16 MP: 3/3
   357 | D:1      | Reached XP level 2. HP: 23/23 MP: 3/5
   360 | D:1      | Learned a level 2 spell: Wereblood
   701 | D:1      | Reached skill level 4 in Unarmed Combat
   834 | D:2      | Noticed Robin
  1164 | D:2      | Killed Robin
  1165 | D:2      | Reached XP level 3. HP: 8/28 MP: 3/6
  1340 | D:2      | Found a faded altar of an unknown god.
  1553 | D:2      | Became a worshipper of Fedhas Madash
  1553 | D:2      | Reached * piety under Fedhas
  1864 | D:3      | Reached XP level 4. HP: 35/35 MP: 5/7
  1891 | D:3      | Reached skill level 5 in Unarmed Combat
  2385 | D:3      | Found an ancient bone altar of Kikubaaqudgha.
  2548 | D:3      | Reached XP level 5. HP: 27/40 MP: 5/8
  2837 | D:3      | Found Elocy's Armour Shoppe.
  2986 | D:4      | Got the Tome of the Displaced Entourage
  3029 | D:4      | Found a glowing drain.
  3043 | D:4      | Found a runed translucent gate.
  3043 | D:4      | Found a runed translucent gate.
  3043 | D:4      | Found a runed translucent gate.
  3052 | D:4      | Reached ** piety under Fedhas
  3059 | D:4      | Reached skill level 6 in Unarmed Combat
  3064 | Sewer    | Entered a sewer
  3200 | Sewer    | Noticed Purgy
  3279 | Sewer    | Killed Purgy
  3280 | Sewer    | Reached XP level 6. HP: 27/47 MP: 9/9
  3529 | D:4      | Reached skill level 7 in Unarmed Combat
  3883 | D:4      | Noticed Dowan
  3902 | D:4      | Noticed Duvessa
  3909 | D:4      | Killed Dowan
  3917 | D:4      | HP: 2/47 [Duvessa (17)]
  3918 | D:4      | Slain by Duvessa

Illustrated notes

Levels and vault maps discovered:
D:1:      pf_arrival_petrified_forest, layout_loops_ring
D:2:      layout_loops_ring, ebering_ecumenical_altar_ruins, uniq_robin
D:3:      layout_basic, old_standard_altar, serial_shops, shop
D:4:      layout_loops_ring, grunt_dithmenos_smoke_and_mirrors,
          gammafunk_ghost_necromancy, gup_sewer_entry_glass,
          cheibrodos_gnoll_hut, uniq_duvessa

Skill      XL: |  1  2  3  4  5  6 |
---------------+-------------------+-----
Unarmed Combat | 4 5 6 7 |  7.6
Fighting       | |  1.1
Dodging        | |  1.7
Spellcasting   | |  2.0
Transmutations | |  2.1

Action                   |  1- 3 |  4- 6 || total
-------------------------+-------+-------++-------
Melee: Unarmed           |   121 |   112 ||   233
       Headbutt          |    11 |     8 ||    19
       Tailslap          |     7 |     7 ||    14
       Kick              |     9 |    19 ||    28
       Punch             |     1 |     2 ||     3
 Cast: Beastly Appendage |    16 |    18 ||    34
       Wereblood         |     4 |     4 ||     8
  Use: Scroll            |     5 |     6 ||    11
       Potion            |     3 |     3 ||     6
 Stab: Sleeping          |     1 |       ||     1
Armor: Skin              |    44 |    28 ||    72
Dodge: Dodged            |    76 |    76 ||   152

Table legend: (Time is in decaauts)
 A = Elapsed time spent in this place.
 B = Non-inter-level travel time spent in this place.
 C = Inter-level travel time spent in this place.
 D = Time resting spent in this place.
 E = Time spent auto-exploring this place.
 F = Levels seen in this place.
 G = Mean time per level.
                   A        B        C        D        E       F      G
               +--------+--------+--------+--------+--------+-----+--------+
         Total |   3937 |   3814 |    123 |      6 |   3200 |   5 |  787.4 |
       Dungeon |   3500 |   3377 |    123 |      6 |   2889 |   4 |  875.0 |
         Sewer |    437 |    437 |      0 |      0 |    310 |   1 |  437.0 |
               +--------+--------+--------+--------+--------+-----+--------+

Top non-repeatable levels by time:
     D:3: 1230 daAuts
     D:2: 879 daAuts
     D:1: 859 daAuts
     D:4: 530 daAuts
   Sewer: 437 daAuts
